 Dungeon Crawl Stone Soup version 0.24-a0-201-gf205589 (webtiles) character file.

Game seed: 8803286207013355140

12897 Borgoz the Slicer (level 12, -3/72 HPs)
             Began as a Gargoyle Gladiator on Mar 25, 2019.
             Was a Believer of Ashenzari.
             Slain by an ice devil (8 damage)
             ... in an ice cave.
             The game lasted 00:28:06 (11969 turns).

Borgoz the Slicer (Gargoyle Gladiator)             Turns: 11969, Time: 00:28:07

Health: -3/72      AC: 21    Str: 17    XL:     12   Next: 0%
Magic:  0/18       EV: 17    Int: 11    God:    Ashenzari [**....]
Gold:   502        SH:  0    Dex: 15    Spells: 15/19 levels left

rFire    + . .     SeeInvis .   P - +2 dagger (venom)
rCold    + . .     Gourm    +   (no shield)
rNeg     + . .     Faith    .   i - +1 ring mail {MR+} (curse)
rPois    ∞         Spirit   +   c - +0 helmet
rElec    +         Reflect  .   V - scarf {Spirit} (curse)
rCorr    +         Harm     .   x - +2 pair of gloves (curse)
MR       ++...                  (no boots)
Stlth    ++........             w - amulet of the gourmand
HPRegen  0.22/turn              Z - ring of protection from magic
MPRegen  0.16/turn              q - ring of wizardry

@: about to teleport, resistant
A: negative energy resistance 1, electricity resistance, unbreathing,
petrification resistance, rot immunity, AC +8
a: Curse Item, Scrying, Renounce Religion


You were in an ice cave.
You worshipped Ashenzari.
Ashenzari was pleased with you.
You were completely stuffed.

You visited 2 branches of the dungeon, and saw 12 of its levels.
You also visited: Ossuary and Ice Cave.

You collected 502 gold pieces.

Inventory:

Hand Weapons
 E - a +1 dagger of chaos
 P - a +2 dagger of venom (weapon)
Missiles
 d - 3 throwing nets (quivered)
Armour
 c - a +0 helmet (worn)
 i - a cursed +1 ring mail of magic resistance (worn)
 x - a cursed +2 pair of gloves (worn)
 V - a cursed scarf of spirit shield (worn)
Jewellery
 n - an uncursed ring of see invisible
 p - an uncursed ring of flight
 q - a ring of wizardry (right hand)
 w - an amulet of the gourmand (around neck)
 G - an uncursed ring of resist corrosion
 Z - a ring of protection from magic (left hand)
Wands
 b - a wand of enslavement (2)
 g - a wand of flame (17)
 v - a wand of digging (14)
 O - a wand of clouds (5)
 Q - a wand of polymorph (16)
 W - a wand of iceblast (8)
Scrolls
 e - 2 scrolls of remove curse
 o - 3 scrolls of amnesia
 r - 4 scrolls of magic mapping
 s - a scroll of enchant weapon
 I - a scroll of blinking
 M - 3 scrolls of fog
 N - 3 scrolls of teleportation
Potions
 j - a potion of berserk rage {unknown}
 k - 2 potions of flight {unknown}
 m - 3 potions of resistance
 B - a potion of magic
 D - a potion of agility {unknown}
 F - 2 potions of might {unknown}
 H - 2 potions of cancellation
 J - 2 potions of lignification {unknown}
 X - a potion of curing
Comestibles
 f - 19 rations


   Skills:
 + Level 7.2 Fighting
 * Level 8.8 Short Blades
 + Level 4.5 Throwing
 + Level 7.0(8.5) Armour
 + Level 7.8(9.3) Dodging
 + Level 5.2 Stealth
 + Level 4.0 Spellcasting
 + Level 8.0 Hexes
 + Level 3.0 Evocations


You had 15 spell levels left.
You knew the following spells:

 Your Spells              Type           Power        Failure   Level  Hunger
a - Confusing Touch       Hex            ###...       1%          1    #......
b - Confuse               Hex            ###.....     1%          3    ###....

Your spell library contained the following spells:

 Spells                   Type           Power        Failure   Level  Hunger
 Spectral Weapon          Hex/Chrm       ##......     9%          3    ###....
 Infusion                 Chrm           #...         16%         1    #......
 Shroud of Golubria       Chrm/Tloc      #.........   24%         2    ##.....
 Song of Slaying          Chrm           #.......     24%         2    ##.....
 Gell's Gravitas          Tloc           #.........   41%         3    ###....
 Regeneration             Chrm/Necr      #.........   41%         3    ###....
 Metabolic Englaciation   Hex/Ice        ##........   61%         5    ######.
 Yara's Violent Unravell  Hex/Tmut       ##........   61%         5    ######.
 Petrify                  Tmut/Erth      #.......     80%         4    #####..


Dungeon Overview and Level Annotations

Branches:
Dungeon (11/15)            Temple (1/1) D:6            Lair (0/6) D:10
    Orc (0/2) D:9

Altars:
Ashenzari
Cheibriados
Dithmenos
Elyvilon
Fedhas
Gozag
Hepliaklqana
Kikubaaqudgha
Makhleb
Nemelex Xobeh
Okawaru
Qazlal
Ru
Sif Muna
Trog
Uskayaw
Vehumet
Wu Jian
Xom
Yredelemnul
Zin
The Shining One
Lugonu

Shops:
D:8 =

Annotations:
IceCv exclusion: 2 ice statues


Innate Abilities, Weirdness & Mutations

You are resistant to torment.
Your stone body is resilient. (AC +8)
You are immune to poison.
You resist negative energy. (rN+)
You are resistant to electric shocks. (rElec)
You can survive without breathing.
You are immune to petrification.
You are immune to rotting.


Message History

You have reached level 12!
Your experience leads to an increase in your attributes!
Increase (S)trength, (I)ntelligence, or (D)exterity?
You feel agile.
You feel clever.
The ice devil hits you but does no damage.
The ice devil barely misses you. The ice devil closely misses you.
Casting: Confusing Touch (safe; 1% risk of failure)
Confirm with . or Enter, or press ? or * to list all spells.
Your hands begin to glow red.
The ice devil closely misses you.
The ice devil hits you but does no damage. x2
You hit the ice devil but do no damage.
The ice devil hits you but does no damage.
The ice devil completely misses you. The ice devil barely misses you.
You hit the ice devil but do no damage. You hit the ice devil but do no damage.
The ice devil appears confused.
The ice devil hits you but does no damage.
The ice devil hits you!
* * * LOW HITPOINT WARNING * * *
The ice devil freezes you! You resist.
You die...

*.....## ,,.......##
........# ,
,........8* #### +
........########..##
**
.........##..##....##
..........4@........#
..⌠......§44....∩!..#
.......○○.§##.......#
.......☼§######....##
* .......☼## ##..##
........8 #### *
........# .......##
.....##


You could see 3 ice devils.

Vanquished Creatures
  2 hydras
  A two-headed ogre (D:8)
  Pikel (D:5)
  Psyche (D:8)
  A centaur skeleton (D:11)
  An ice devil (IceCv)
  4 trolls
  2 dream sheep (D:9)
  A hippogriff (D:10)
  5 yaks
  Eustachio (D:5)
  Grum (D:8)
  2 hungry ghosts
  2 water moccasins
  5 orc warriors
  4 ice beasts
  3 sky beasts
  A necrophage (D:6)
  3 phantoms
  5 ogres
  5 centaurs
  6 wolves
  3 big kobolds (D:9)
  6 bullfrogs
  6 water moccasin zombies (Ossuary)
  A wyvern skeleton (D:8)
  2 scorpions (D:10)
  The ghost of Duffy the Chopper, a weakling NaGl (D:4)
  9 killer bees
  An electric eel (D:10)
  A howler monkey (D:9)
  4 crimson imps
  2 quasits (D:8)
  2 bullfrog zombies
  2 jellies
  A bullfrog skeleton (D:8)
  8 orc priests
  8 hounds
  4 iguanas
  Ijyb (D:3)
  9 orc wizards
  4 worker ants
  2 killer bee zombies
  4 big kobold zombies (Ossuary)
  A hound skeleton (D:10)
  A hound zombie (D:9)
  2 mummies (Ossuary)
  2 worker ant zombies
  9 gnolls
  12 adders
  An ooze (D:1)
  6 adder zombies
  An adder skeleton (D:4)
  3 worms
  5 leopard geckos
  22 orcs
  7 giant cockroaches
  3 gnoll zombies (Ossuary)
  12 goblins
  6 hobgoblins
  14 jackals
  4 quokkas
  A ball python (D:3)
  4 bats
  4 frilled lizards
  4 hobgoblin zombies (Ossuary)
  2 jackal skeletons
  13 kobolds
  3 kobold zombies (Ossuary)
  5 orc zombies (Ossuary)
  2 quokka skeletons
  A quokka zombie (D:7)
  6 rats
294 creatures vanquished.

Vanquished Creatures (others)
  2 slaves (D:5)
  An iguana (D:5)
  A bush (D:5)
4 creatures vanquished.

Grand Total: 298 creatures vanquished

Notes
Turn   | Place    | Note
-------+----------+-------------------------------------------
     0 | D:1      | Borgoz the Gargoyle Gladiator began the quest for the Orb.
     0 | D:1      | Reached XP level 1. HP: 12/12 MP: 1/1
   174 | D:1      | Reached XP level 2. HP: 17/17 MP: 2/2
   583 | D:1      | Reached XP level 3. HP: 19/22 MP: 3/3
   920 | D:2      | Reached skill level 1 in Stealth
  1213 | D:2      | Reached skill level 1 in Armour
  1256 | D:2      | Found a blossoming altar of Fedhas.
  1467 | D:2      | Reached XP level 4. HP: 27/27 MP: 4/4
  1642 | D:2      | Reached skill level 1 in Spellcasting
  1817 | D:2      | Found a burning altar of Makhleb.
  1831 | D:2      | Reached XP level 5. HP: 31/31 MP: 6/6
  1901 | D:3      | Noticed a phantom
  1951 | D:4      | Found a radiant altar of Vehumet.
  2007 | D:4      | Learned a level 1 spell: Confusing Touch
  2011 | D:4      | Learned a level 3 spell: Confuse
  2249 | D:3      | Noticed Ijyb
  2269 | D:3      | Killed Ijyb
  2282 | D:3      | Reached skill level 1 in Hexes
  2373 | D:3      | Killed a phantom
  2373 | D:3      | Reached XP level 6. HP: 27/37 MP: 8/8
  2468 | D:3      | Noticed a +0 dagger
  2489 | D:3      | Noticed a +0 dagger
  2490 | D:3      | Found a hide-covered altar of Uskayaw.
  3007 | D:3      | Found a glowing golden altar of the Shining One.
  3206 | D:4      | Found a snail-covered altar of Cheibriados.
  3206 | D:4      | Found an ornate altar of the Wu Jian Council.
  3211 | D:4      | Found a shimmering altar of Xom.
  3213 | D:4      | Found a deep blue altar of Sif Muna.
  3215 | D:4      | Found a sacrificial altar of Ru.
  3269 | D:4      | Noticed an ice beast
  3302 | D:4      | Killed an ice beast
  3302 | D:4      | Reached XP level 7. HP: 31/41 MP: 7/9
  3322 | D:4      | Found a runed translucent door.
  3335 | D:4      | Noticed Duffy's ghost (weakling NaGl)
  3515 | D:5      | Entered Level 5 of the Dungeon
  3785 | D:4      | Killed Duffy's ghost
  3876 | D:5      | Reached skill level 5 in Fighting
  3876 | D:5      | Reached skill level 5 in Armour
  3876 | D:5      | Reached XP level 8. HP: 50/51 MP: 11/11
  3890 | D:5      | Found a blossoming altar of Fedhas.
  3943 | D:5      | Found a stormy altar of Qazlal.
  4200 | D:5      | Noticed Pikel
  4503 | D:5      | Killed Pikel
  4503 | D:5      | Reached XP level 9. HP: 34/55 MP: 10/12
  4549 | D:5      | Noticed Eustachio
  4565 | D:5      | Killed Eustachio
  4883 | D:6      | Found a sand-covered staircase.
  5035 | D:6      | Found a white marble altar of Elyvilon.
  5241 | Ossuary  | Entered an ossuary
  5830 | D:6      | Found a staircase to the Ecumenical Temple.
  5925 | Temple   | Entered the Ecumenical Temple
  5964 | Temple   | Became a worshipper of Ashenzari the Shackled
  6165 | D:6      | Reached XP level 10. HP: 56/60 MP: 14/14
  6333 | D:6      | Reached skill level 1 in Evocations
  6854 | D:7      | Found a shadowy altar of Dithmenos.
  7234 | D:8      | Noticed Grum
  7271 | D:8      | Killed Grum
  7544 | D:8      | Found Qystrico's Jewellery Shop.
  7618 | D:8      | Noticed a two-headed ogre
  7651 | D:8      | Killed a two-headed ogre
  7967 | D:8      | Noticed Psyche
  8019 | D:8      | Killed Psyche
  8265 | D:8      | Reached XP level 11. HP: 47/66 MP: 15/15
  8733 | D:8      | Got the cursed dagger of Fixation {pierce, rF+}
  8734 | D:8      | Identified the cursed +2 dagger of Fixation {pierce, rF+}
                  | (You found it on level 8 of the Dungeon)
  8923 | D:9      | Reached * piety under Ashenzari
  9515 | D:9      | Noticed a three-headed hydra
  9527 | D:9      | Killed a three-headed hydra
  9811 | D:9      | Found a staircase to the Orcish Mines.
  9969 | D:9      | Identified the +5 flail of the Orcish Mines {crush, +Inv
                  | Str+3 Dex-2}
 10305 | D:10     | Entered Level 10 of the Dungeon
 10680 | D:10     | Reached ** piety under Ashenzari
 10759 | D:10     | Found a staircase to the Lair.
 11023 | D:10     | Reached skill level 5 in Stealth
 11524 | D:11     | Noticed an eight-headed hydra
 11543 | D:11     | Killed an eight-headed hydra
 11656 | D:11     | Found a frozen archway.
 11699 | IceCv    | Entered an ice cave
 11965 | IceCv    | Reached XP level 12. HP: 13/72 MP: 4/18
 11969 | IceCv    | Slain by an ice devil

Levels and vault maps discovered:
D:1:      wander_arrival_fairy_ring, layout_basic
D:2:      layout_loops_corners, lemuel_doored_altar, makhleb_grotto_becter
D:3:      layout_loops_ring, lemuel_round_altar, dancing_weapons_uskayaw,
          serial_bayou_ford_a, serial_bayou_lake_a, uniq_ijyb
D:4:      minmay_wonky_spiral, layout_basic,
          chequers_temple_overflow_minitemple, kennysheep_mini_moat,
          first_ration, ebering_ghost_reflecting_pool, hangedman_decor_opposing
D:5:      layout_cave_pools, nicolae_qazlal_eye_of_the_storm,
          kb_lookout_dungeons_type, minmay_misc_feat_five, fedhas_altar_2,
          uniq_pikel, uniq_eustachio
D:6:      layout_basic, elyvilon_altar_3, temple_doors_e, enter_ossuary_2
D:7:      layout_rooms, kennysheep_mini
D:8:      layout_basic, serial_shops, nicolae_shop_trees, uniq_grum, uniq_psyche
D:9:      layout_small_grid, david_orc_3, hangedman_ranch
          [blue_anna_fruit_fields]
D:10:     cheibrodos_helix_gallery, layout_irregular_city, erik_lair_island
D:11:     layout_roguey, portal_ice_cave_entry_pillars_1, minmay_fountain_box
Temple:   corrupted_temple
Ossuary:  ossuary_tomb_2
IceCv:    ice_cave_tombish

Skill      XL: |  1  2  3  4  5  6  7  8  9 10 11 |
---------------+----------------------------------+-----
Short Blades   | 3 7 8 |  8.8
Throwing       | 2 3 4 |  4.5
Stealth        | 1 2 3 4 5 |  5.2
Armour         | 1 2 5 6 7 |  7.0
Spellcasting   | 1 2 3 4 |  4.0
Dodging        | 3 6 7 |  7.8
Hexes          | 1 6 7 8 |  8.0
Fighting       | 3 5 6 7 |  7.2
Evocations     | 1 3 |  3.0

Action                   |  1- 3 |  4- 6 |  7- 9 | 10-12 || total
-------------------------+-------+-------+-------+-------++-------
Melee: Rapier            |   110 |   210 |   436 |   225 ||   981
       Dagger            |       |       |       |  1041 ||  1041
Throw: Throwing net      |       |       |     1 |     1 ||     2
 Cast: Confusing Touch   |       |     1 |    10 |    26 ||    37
Invok: Curse Item        |       |       |       |     4 ||     4
Evoke: Wand              |       |       |       |     3 ||     3
  Use: Potion            |       |     2 |     2 |     5 ||     9
       Scroll            |       |       |    11 |    12 ||    23
 Stab: Sleeping          |       |     1 |     6 |     5 ||    12
       Confused          |       |     1 |     6 |    22 ||    29
       Held in net/web   |       |       |     1 |     1 ||     2
  Eat: Chunk             |     2 |     6 |    18 |    38 ||    64
       Ration            |       |       |       |     2 ||     2
Armor: Leather armour    |    38 |    70 |       |       ||   108
       Ring mail         |       |       |   176 |   515 ||   691
Dodge: Dodged            |    64 |   116 |   274 |   952 ||  1406

Table legend:
 A = Non-vault XP
 B = Vault XP
 C = Vault XP percentage of total XP
 D = Non-vault monster count
 E = Vault monster count
 F = Vault count percentage of total count
                 A         B        C        D         E       F
            +---------+---------+-------+---------+---------+-------
      Total |   11203 |    6268 |  35.9 |     223 |      71 |  24.1
            +---------+---------+-------+---------+---------+-------
        D:1 |      40 |       0 |   0.0 |      23 |       0 |   0.0
        D:2 |      84 |      46 |  35.4 |      23 |       1 |   4.2
        D:3 |     217 |      36 |  14.2 |      20 |       1 |   4.8
        D:4 |     370 |      68 |  15.5 |       9 |       3 |  25.0
        D:5 |     600 |     975 |  61.9 |      16 |       3 |  15.8
        D:6 |     802 |       0 |   0.0 |      19 |       0 |   0.0
        D:7 |    1009 |       0 |   0.0 |      29 |       0 |   0.0
        D:8 |    2495 |    1128 |  31.1 |      29 |       6 |  17.1
        D:9 |     699 |    2293 |  76.6 |      18 |      15 |  45.5
       D:10 |    2646 |     739 |  21.8 |      31 |       9 |  22.5
       D:11 |    2241 |       0 |   0.0 |       6 |       0 |   0.0
    Ossuary |       0 |     652 | 100.0 |       0 |      32 | 100.0
      IceCv |       0 |     331 | 100.0 |       0 |       1 | 100.0
            +---------+---------+-------+---------+---------+-------
